 Dungeon Crawl Stone Soup version 0.31-a0-1074-g0b22e4e0f1 (console) character file.

Game seed: 3573095703659800386

30 petzl the Sneak (level 3, -1/29 HPs)
             Began as a Formicid Delver on Dec 6, 2023.
             Slain by an ufetubus (2 damage)
             ... on level 6 of the Dungeon.
             The game lasted 00:02:06 (429 turns).

petzl the Sneak (Formicid Delver)                    Turns: 429, Time: 00:02:07

Health: -1/29      AC:  5    Str: 16    XL:     3   Next: 35%
Magic:  7/7        EV: 11    Int: 17    God:
Gold:   48         SH:  0    Dex: 15    Spells: 7/7 levels left

rFire   . . .        a - +0 mace
rCold   . . .        (no shield)
rNeg    . . .        i - +0 ring mail
rPois   .            (helmet unavailable)
rElec   .            (no cloak)
rCorr   .            (no gloves)
SInv    +            (no boots)
Will    .....        (no amulet)
Stlth   +++          g - +6 ring of intelligence
HPRegen 0.24/turn    (no ring)
MPRegen 0.10/turn

%: no passive effects
@: no status effects
A: permanent stasis, dig shafts and tunnels, antennae 3, four strong arms
a: Dig, Shaft Self


You were on level 6 of the Dungeon.
You visited 1 branch of the dungeon, and saw 4 of its levels.

You collected 48 gold pieces.

Inventory:

Hand Weapons
 a - a +0 mace (weapon)
Missiles
 h - 6 silver javelins
Armour
 b - a +0 leather armour
 i - a +0 ring mail (worn)
Jewellery
 g - a +6 ring of intelligence (left hand)
Wands
 f - a wand of digging (3)
Scrolls
 c - a scroll of fog
 d - a scroll of revelation
 e - a scroll of fear


   Skills:
 - Level 3.2 Fighting
 - Level 2.0 Maces & Flails
 - Level 1.7 Dodging
 - Level 6.0 Stealth
 + Level 2.7 Spellcasting


You had 7 spell levels left.
You didn't know any spells.
Your spell library was empty.

Dungeon Overview and Level Annotations

Branches:
Dungeon (8/15)
 Temple: D:4-7         Lair: D:8-11

Altars:

Annotations:
D:5 exclusion: downstairs
D:6 exclusions: downstairs, ogre and 2 sensed monsters (detected)
D:8 exclusion: upstairs


Innate Abilities, Weirdness & Mutations

You cannot be hasted, slowed, berserked, paralysed or teleported.
You can dig through walls and to a lower floor.
You have a pair of large antennae on your head. (SInv)
Your four strong arms can wield two-handed weapons with a shield.


Message History

The ufetubus closely misses you. The ufetubus barely misses you.
The ufetubus hits you but does no damage.
The ufetubus misses you. x2
You miss the ufetubus.
The ufetubus is lightly wounded.
The ufetubus closely misses you. x2; The ufetubus hits you.
The ufetubus closely misses you.
The ufetubus hits you but does no damage.
The ufetubus closely misses you.
The ufetubus hits you but does no damage.
The ufetubus barely misses you.
You closely miss the ufetubus.
The ufetubus is lightly wounded.
The ufetubus misses you. The ufetubus hits you. x2
The ufetubus barely misses you. The ufetubus closely misses you. x2
The ufetubus hits you but does no damage. x2
You completely miss the ufetubus.
The ufetubus is lightly wounded.
The ufetubus completely misses you. The ufetubus closely misses you. x2
The ufetubus misses you. The ufetubus hits you. x2
The ufetubus barely misses you.
The ufetubus hits you but does no damage.
Unknown command.
You closely miss the ufetubus.
The ufetubus is lightly wounded.
The ufetubus hits you.
The ufetubus barely misses you. x2; The ufetubus hits you. x2
The ufetubus hits you but does no damage.
The ufetubus barely misses you. The ufetubus hits you.
* * * LOW HITPOINT WARNING * * *
Unknown command.
Are you sure you want to shaft yourself?
The ufetubus hits you.
* * * LOW HITPOINT WARNING * * *
The ufetubus hits you.
* * * LOW HITPOINT WARNING * * *
The ufetubus misses you. The ufetubus barely misses you. x2
The ufetubus hits you but does no damage.
You begin to dig a shaft.
You continue digging a shaft.
The ufetubus hits you.
You die...

#. #. { #. #O ## .#
##. ... #.# #.#
.#######.# #
...55....####.###
.#######5........
#.........
#..###.###
#.####..###.#
#.5@5......#
#.####.#.#####
#.####....# ..
#.......#.#.#
######......#
#.#.#####
####........
#.#######......#####
#.......>.######
###########


You could see 2 ufetubi.

Vanquished Creatures
  A jelly (D:6)
1 creature vanquished.

Notes
Turn   | Place    | Note
-------+----------+-------------------------------------------
     0 | D:5      | petzl the Formicid Delver began the quest for the Orb.
     0 | D:5      | Reached XP level 1. HP: 18/18 MP: 1/1
    11 | D:6      | Noticed an ogre
    32 | D:6      | Noticed a jelly
    43 | D:6      | Killed a jelly
    44 | D:6      | Reached XP level 2. HP: 13/24 MP: 1/5
    44 | D:6      | Reached XP level 3. HP: 16/29 MP: 1/7
   111 | D:6      | Noticed a bullfrog
   114 | D:6      | Noticed a bullfrog
   194 | D:5      | You fall into a shaft and drop 2 floors!
   290 | D:7      | Noticed a phantom
   297 | D:7      | Noticed a black bear
   369 | D:7      | Noticed an ogre
   428 | D:6      | HP: 1/29 [ufetubus (4)]
   429 | D:6      | Slain by an ufetubus

Illustrated notes

Levels and vault maps discovered:
D:5:      layout_basic, jmf_multi_god_temple, nicolae_half_adder, uniq_menkaure
D:6:      layout_loops_ring
D:7:      layout_cave_pools, marbit_many_paths, minmay_temple_entry_slanted
D:8:      layout_gridville, lair_entry_dummy

Skill      XL: |  1 |
---------------+----+-----
Spellcasting   | 2 |  2.7
Fighting       | |  3.2
Maces & Flails | |  2.0
Dodging        | |  1.7
Stealth        | |  6.0

Action                     || total
---------------------------++-------
  Melee: Mace              ||    16
Ability: Shaft Self        ||     2
 Armour: Ring mail         ||    31
         Leather armour    ||     4
  Dodge: Dodged            ||    46

Table legend: (Time is in decaauts)
 A = Elapsed time spent in this place.
 B = Non-inter-level travel time spent in this place.
 C = Inter-level travel time spent in this place.
 D = Time resting spent in this place.
 E = Time spent auto-exploring this place.
 F = Levels seen in this place.
 G = Mean time per level.
                   A        B        C        D        E       F      G
               +--------+--------+--------+--------+--------+-----+--------+
         Total |    432 |    432 |      0 |    153 |     73 |   4 |  108.0 |
       Dungeon |    432 |    432 |      0 |    153 |     73 |   4 |  108.0 |
               +--------+--------+--------+--------+--------+-----+--------+

Top non-repeatable levels by time:
     D:6: 185 daAuts
     D:7: 113 daAuts
     D:8: 66 daAuts
     D:5: 66 daAuts
